Map: Oxide LE

Players

Lambo - Winner!

  • Race: Zerg Zerg
  • League: Grandmaster

GunGFuBanDa

  • Race: Protoss Protoss
  • League: Grandmaster

Event: DreamHack SC2 Masters 2021 Summer

VOD

Have the link to the VOD?

Description

Time

  • Played on: June 3, 2021, 12:07 p.m.
  • Length: 15:10

All games in this series

Show
View Real Time Build Order
Export as new Build Order

Lambo Zerg - Winner!

Build Orders: Hatch First 

Get SALT Encoding   

  12  0:00  Drone  
  13  0:12  Overlord  
  13  0:17  Drone  
  14  0:30  Drone x2  
  16  0:47  Hatchery  
  15  0:50  Drone  
  15  0:54  Drone  
  17  0:57  Drone  
  18  1:11  Spawning Pool  
  17  1:15  Extractor  
  17  1:16  Drone  
  17  1:20  Drone  
  18  1:28  Drone  
  19  1:39  Drone  
  21  1:54  Drone  
  21  1:58  Queen  
  21  1:59  Queen, Zergling x2  
  21  2:00  Overlord  
  26  2:10  Drone, Zergling x2  
  28  2:20  Drone  
  28  2:21  Drone  
  30  2:29  Metabolic Boost  
  30  2:36  Drone, Hatchery  
  30  2:43  Drone  
  31  2:45  Drone, Overlord  
  32  2:54  Queen  
  32  2:57  Drone  
  35  2:59  Drone  
  35  3:03  Queen  
  38  3:07  Drone x2  
  38  3:09  Drone  
  38  3:11  Drone  
  42  3:14  Overlord  
  42  3:26  Drone x2  
  44  3:29  Spore Crawler  
  44  3:31  Zergling x2  
  44  3:36  Overlord  
  44  3:38  Queen  
  46  3:41  Zergling x6  
  46  3:42  Overlord  
  46  3:45  Zergling x2  
  50  3:51  Overlord  
  50  3:52  Drone  
  50  3:55  Queen  
  50  3:57  Drone x2  
  50  4:00  Drone  
  55  4:08  Drone x2  
  55  4:09  Overlord  
  57  4:11  Drone x3  
  57  4:15  Drone x2  
  62  4:19  Zergling x4  
  62  4:23  Roach Warren  
  63  4:26  Drone x2  
  65  4:31  Extractor  
  65  4:32  Spore Crawler  
  65  4:33  Extractor  
  65  4:36  Spore Crawler  
  61  4:39  Drone x4  
  61  4:41  Lair  
  65  4:46  Drone x3  
  65  4:47  Drone x2  
  65  4:48  Drone  
  65  4:50  Drone  
  72  4:53  Extractor  
  72  4:56  Overlord  
  70  5:01  Overlord  
  70  5:03  Roach x3  
  76  5:11  Roach x2  
  80  5:16  Overlord  
  80  5:18  Roach x3  
  80  5:19  Roach  
  80  5:21  Overlord  
  88  5:23  Overlord  
  88  5:26  Roach x2  
  92  5:30  Roach x2  
  92  5:33  Roach  
  97  5:35  Overlord  
  97  5:37  Roach  
  99  5:45  Roach x3  
  105  5:52  Overlord, Glial Reconstitution  
  105  5:56  Roach x3  
  111  6:05  Roach x5  
  111  6:07  Overseer  
  111  6:09  Drone  
  122  6:15  Zergling x10  
  125  6:19  Zergling x8  
  125  6:22  Ravager x2  
  131  6:27  Zergling x8  
  133  6:33  Zergling x10  
  138  6:41  Overlord x2  
  138  6:45  Overlord  
  138  6:47  Overlord  
  138  6:58  Extractor, Spire  
  138  7:00  Drone x6  
  142  7:03  Drone  
  142  7:04  Drone  
  142  7:08  Drone  
  145  7:12  Drone x4  
  145  7:15  Drone x2  
  151  7:16  Drone  
  151  7:19  Extractor  
  151  7:22  Drone x2  
  153  7:23  Evolution Chamber  
  153  7:25  Ravager  
  153  7:26  Drone, Ravager  
  153  7:27  Drone  
  156  7:35  Drone  
  156  7:36  Hatchery  
  156  7:39  Drone x2  
  156  7:40  Drone  
  156  7:43  Overseer  
  158  7:44  Overseer  
  158  7:47  Overseer  
  158  7:49  Drone x2  
  155  8:04  Spore Crawler  
  154  8:07  Zergling x16  
  154  8:09  Ravager x2  
  154  8:12  Zerg Melee Weapons Level 1  
  164  8:16  Overlord  
  164  8:21  Overlord x2  
  164  8:23  Overlord  
  164  8:26  Overlord  
  164  8:29  Overlord  
  164  8:35  Zerg Flyer Weapons Level 1  
  164  8:43  Mutalisk x7  
  164  8:46  Mutalisk  
  179  8:49  Mutalisk  
  179  8:51  Mutalisk  
  177  8:58  Mutalisk  
  176  9:04  Drone x5  
  178  9:12  Zergling x2  
  178  9:13  Zergling x10  
  182  9:18  Extractor  
  182  9:19  Baneling Nest  
  182  9:20  Zergling x6  
  182  9:21  Extractor  
  182  9:26  Drone x4  
  176  9:44  Zergling x10, Overseer  
  167  9:47  Zergling x2  
  167  9:50  Zergling x22  
  150  10:02  Mutalisk x4  
  150  10:08  Roach x4  
  150  10:09  Drone  
  159  10:18  Pneumatized Carapace  
  159  10:19  Drone x5  
  164  10:28  Mutalisk x3  
  164  10:31  Drone x3  
  164  10:34  Drone x2  
  173  10:38  Centrifical Hooks  
  173  10:39  Drone  
  173  10:41  Mutalisk  
  176  10:44  Zergling x4  
  176  10:47  Mutalisk  
  180  10:51  Drone x3  
  180  10:54  Spine Crawler  
  182  10:59  Overseer  
  182  11:00  Zergling x10  
  182  11:03  Mutalisk  
  189  11:13  Zergling x18  
  198  11:20  Zerg Melee Weapons Level 2  
  198  11:25  Hatchery, Evolution Chamber  
  198  11:28  Baneling x7  
  198  11:32  Baneling x6  
  196  11:34  Drone x2  
  196  11:37  Ravager  
  196  11:38  Baneling x5  
  199  11:44  Spore Crawler  
  199  11:45  Drone  
  199  11:46  Spine Crawler  
  198  11:48  Baneling x7  
  195  12:08  Zerg Ground Armor Level 1  
  191  12:09  Zergling x16, Infestation Pit  
  198  12:16  Drone  
  198  12:27  Zerg Flyer Armor Level 1  
  196  12:32  Baneling x7  
  191  12:37  Zergling x16  
  191  12:40  Zergling x6  
  199  12:47  Drone x2  
  199  12:49  Hive  
  199  12:50  Drone  
  196  13:09  Baneling  
  196  13:10  Drone x2  
  198  13:19  Corruptor  
  197  13:25  Corruptor  
  197  13:26  Corruptor  
  198  13:31  Corruptor  
  198  13:34  Corruptor  
  196  13:40  Spore Crawler  
  197  13:44  Spore Crawler  
  197  13:45  Spine Crawler  
  197  13:48  Corruptor x2  
  198  13:58  Corruptor x3  
  198  14:01  Corruptor  
  198  14:07  Zergling x8  
  195  14:35  Zergling x24  
  199  14:39  Zergling x2  
  199  14:40  Zergling x12  
  199  14:43  Zergling x12  
  193  14:46  Zergling x20  
  193  14:49  Zergling x4  
Show
View Real Time Build Order
Export as new Build Order

GunGFuBanDa Protoss 

Build Orders: 1 Gate Expand, Oracle Opening 

Get SALT Encoding   

  12  0:00  Probe  
  13  0:12  Probe  
  14  0:17  Pylon  
  14  0:24  Probe (Chrono Boost)  
  15  0:36  Probe (Chrono Boost)  
  15  0:38  Gateway  
  16  0:44  Probe (Chrono Boost)  
  16  0:47  Assimilator  
  17  0:51  Probe  
  18  1:03  Probe  
  19  1:15  Probe  
  20  1:23  Nexus  
  20  1:34  Cybernetics Core  
  20  1:37  Probe  
  21  1:41  Assimilator  
  21  1:49  Probe  
  22  1:58  Pylon  
  22  2:01  Probe  
  23  2:11  Pylon  
  23  2:13  Stalker (Chrono Boost)  
  23  2:16  Probe  
  23  2:20  Warp Gate  
  26  2:29  Probe (Chrono Boost)  
  27  2:37  Probe (Chrono Boost)  
  27  2:38  Stargate  
  29  2:46  Probe (Chrono Boost), Adept  
  29  2:48  Probe (Chrono Boost)  
  32  2:54  Probe (Chrono Boost)  
  32  2:57  Probe (Chrono Boost)  
  34  3:00  Probe (Chrono Boost)  
  34  3:04  Probe (Chrono Boost)  
  36  3:05  Gateway  
  36  3:07  Probe  
  37  3:16  Probe  
  37  3:19  Probe, Oracle (Chrono Boost)  
  41  3:27  Adept  
  44  3:29  Probe  
  44  3:32  Pylon  
  45  3:34  Pylon  
  45  3:37  Probe  
  45  3:42  Twilight Council  
  45  3:43  Probe  
  46  3:49  Probe  
  47  3:55  Probe  
  47  4:01  Probe  
  47  4:02  Gateway x2  
  49  4:12  Resonating Glaives (Chrono Boost)  
  49  4:17  Pylon x2  
  49  4:21  Adept  
  49  4:23  Nexus  
  51  4:29  Probe  
  52  4:32  Pylon  
  52  4:40  Probe, Adept  
  52  4:41  Probe, Shield Battery  
  52  4:43  Assimilator  
  52  4:45  Assimilator  
  56  4:50  Adept  
  58  4:59  Adept x2  
  62  5:00  Adept  
  62  5:02  Robotics Facility  
  62  5:03  Probe  
  62  5:05  Probe  
  66  5:10  Pylon  
  66  5:17  Adept  
  66  5:19  Adept  
  70  5:28  Adept x2  
  73  5:30  Probe (Chrono Boost)  
  73  5:34  Probe (Chrono Boost)  
  76  5:36  Probe (Chrono Boost)  
  76  5:40  Dark Shrine  
  78  5:45  Probe x2 (Chrono Boost)  
  78  5:47  Probe (Chrono Boost)  
  78  5:52  Probe, Immortal (Chrono Boost)  
  79  6:04  Probe x2, Sentry  
  79  6:05  Probe  
  79  6:07  Robotics Bay  
  82  6:11  Shield Battery  
  82  6:13  Shield Battery  
  82  6:16  Probe x2, Pylon  
  80  6:26  Pylon  
  80  6:29  Immortal (Chrono Boost)  
  84  6:38  Blink  
  84  6:40  Forge  
  84  6:42  Pylon  
  84  6:52  Pylon  
  81  6:58  Disruptor (Chrono Boost)  
  84  7:01  Dark Templar  
  84  7:02  Dark Templar  
  88  7:11  Pylon  
  88  7:12  Pylon  
  88  7:15  Pylon  
  88  7:18  Stalker x2  
  92  7:29  Disruptor  
  95  7:30  Nexus  
  95  7:32  Pylon  
  95  7:34  Protoss Ground Weapons Level 1 (Chrono Boost)  
  95  7:37  Probe x2  
  97  7:48  Stargate  
  97  7:49  Probe  
  97  7:50  Probe  
  97  7:55  Photon Cannon  
  97  7:56  Shield Battery  
  97  7:58  Pylon, Stalker x3  
  103  8:02  Probe x2  
  103  8:05  Observer  
  103  8:07  Assimilator  
  103  8:09  Assimilator  
  103  8:14  Probe  
  105  8:20  Probe  
  105  8:25  Gateway  
  105  8:26  Probe, Gateway  
  106  8:31  Phoenix  
  106  8:32  Shield Battery  
  108  8:36  Shield Battery  
  108  8:37  Probe  
  109  8:44  Stalker x3  
  109  8:45  Stalker  
  117  9:02  Phoenix  
  119  9:06  Probe x2  
  119  9:15  Stalker x3  
  119  9:16  Probe  
  126  9:18  Probe  
  126  9:19  Photon Cannon  
  126  9:21  Gateway  
  126  9:24  Dark Templar  
  129  9:25  Pylon  
  128  9:38  Probe x2  
  126  9:47  Stalker x3  
  126  9:48  Stalker x2  
  125  9:58  Disruptor  
  121  10:12  Stalker x6  
  124  10:18  Probe  
  125  10:22  Probe  
  126  10:34  Disruptor (Chrono Boost), Shield Battery  
  129  10:36  Photon Cannon  
  129  10:38  Photon Cannon  
  129  10:39  Stalker, Sentry  
  129  10:40  Shield Battery  
  131  10:52  Phoenix (Chrono Boost)  
  133  10:59  Zealot x2, Dark Templar x2  
  133  11:03  Archon  
  141  11:08  Phoenix (Chrono Boost)  
  141  11:09  Zealot x2  
  144  11:17  Observer (Chrono Boost)  
  145  11:22  Probe  
  146  11:27  Fleet Beacon  
  146  11:31  Phoenix (Chrono Boost)  
  148  11:42  Dark Templar  
  150  11:48  Phoenix  
  134  12:13  Stalker x6  
  134  12:15  Probe  
  147  12:18  Disruptor  
  147  12:19  Anion Pulse-Crystals (Chrono Boost)  
  150  12:27  Probe x2  
  150  12:28  Shield Battery  
  152  12:48  Phoenix (Chrono Boost)  
  152  12:54  Pylon  
  152  12:55  Pylon  
  152  12:57  Protoss Air Weapons Level 1 (Chrono Boost)  
  152  13:05  Phoenix  
  152  13:06  Charge  
  154  13:16  Dark Templar x2  
  158  13:20  Archon  
  158  13:33  Phoenix  
  160  13:37  Probe  
  161  13:53  Nexus  
  157  14:04  Phoenix  
  157  14:06  Dark Templar x2  
  157  14:07  Zealot x5  
  173  14:13  Archon  
  173  14:18  Pylon  
  173  14:29  Probe  
  173  14:30  Probe  
  173  14:31  Probe  
  173  14:36  Phoenix  
  170  14:41  Probe  
  170  14:42  Probe  
  109  14:54  Zealot x7  
Tags
 
Add a new tag
Caveats
  • Supply blocks, unpowered buildings, or Contaminate may cause inaccurate times.
  • Supply counts are checked every 10 seconds.